 Dungeon Crawl Stone Soup version 0.19-a0-1170-g18f0c96 (webtiles) character file.

19182 mistymad the Grappler (level 12, -1/102 HPs)
             Began as a Troll Wizard on Aug 16, 2016.
             Slain by a manticore (9 damage)
             ... summoned by Kirke
             ... on level 4 of the Lair of Beasts.
             The game lasted 00:47:08 (13588 turns).

mistymad the Grappler (Troll Wizard)               Turns: 13588, Time: 00:47:09

Health: -1/102     AC: 14    Str: 18    XL:     12   Next: 34%
Magic:  21/21      EV:  9    Int: 26    God:
Gold:   1465       SH:  9    Dex: 10    Spells: 8 memorised, 3 levels left

rFire  + . .     SeeInvis .       - Unarmed
rCold  + . .     Gourm    +     r - +2 robe {rC+}
rNeg   . . .     Faith    .     B - +0 shield
rPois  +         Spirit   .     q - +1 hat
rElec  .         Dismiss  .     (no cloak)
rCorr  .         Reflect  .     (gloves unavailable)
MR     .....     Harm     .     (boots unavailable)
Stlth  +.........               A - amulet of regeneration
                                f - +3 ring of intelligence
                                y - ring of poison resistance

@: brilliant, icy armour, manticore barbs, flying, very slightly contaminated,
slowed, repel missiles, invisible, very slow
A: unfitting armour, antennae 1, claws 3, talons 1, agile 1, fire resistance 1,
fast metabolism 3, frail 1, gourmand, regeneration 2, shaggy fur 1, tough skin
2, MP-powered wands
a: no special abilities


You were on level 4 of the Lair of Beasts.
You were completely stuffed.

You visited 3 branches of the dungeon, and saw 15 of its levels.
You also visited: Bailey.

You collected 1465 gold pieces.

Inventory:

Missiles
 H - 10 tomahawks of returning (quivered)
Armour
 q - a +1 hat (worn)
 r - a +2 robe of cold resistance (worn)
 B - a +0 shield (worn)
Jewellery
 f - a +3 ring of intelligence (right claw)
 t - the ring "Juorho" {rElec rN++ MR+ Int-4 Slay+1}
   (You found it on level 4 of the Dungeon)

   [ring of slaying]

   It affects your intelligence (-4).
   It affects your accuracy and damage with ranged weapons and melee attacks
   (+1).
   It insulates you from electricity.
   It greatly protects you from negative energy.
   It affects your resistance to hostile enchantments.
 y - a ring of poison resistance (left claw)
 A - an amulet of regeneration (around neck)
 E - an uncursed ring of wizardry
Wands
 a - a wand of slowing (15/48)
 b - a wand of lightning (10/15)
 o - a wand of flame (14/48)
 G - a wand of flame (29/48)
 J - a wand of hasting (3/9)
Scrolls
 n - 2 scrolls of teleportation
 u - a scroll of amnesia
 D - 3 scrolls of remove curse
Potions
 e - 2 potions of haste
 g - 3 potions of cancellation
 k - 3 potions of resistance
 m - 5 potions of agility
 p - 6 potions of curing
 v - a potion of magic
 w - a potion of flight
 x - a potion of brilliance
Books
 h - a book of Burglary

   Spells                             Type                      Level
   a - Swiftness                      Charms/Air                   2
   b - Passwall                       Transmutation/Earth          2
   c - Passage of Golubria            Translocation                4
   d - Lee's Rapid Deconstruction     Earth                        5
   e - Darkness                       Hexes                        6
   f - Invisibility                   Hexes                        6
Comestibles
 c - a chunk of flesh
 d - 9 bread rations
 j - 6 beef jerkies
 s - 7 meat rations
 z - 3 fruits
 C - 2 slices of pizza


   Skills:
 - Level 6.1 Fighting
 - Level 1.5 Dodging
 - Level 1.1 Stealth
 + Level 6.0 Shields
 + Level 13.3 Unarmed Combat
 - Level 7.1 Spellcasting
 - Level 0.6 Conjurations
 - Level 2.7 Charms
   Level 0.6 Summonings
 - Level 0.6 Translocations


You had 3 spell levels left.
You knew the following spells:

 Your Spells              Type           Power        Failure   Level  Hunger
a - Conjure Flame         Conj/Fire      ####....     3%          3    None
b - Repel Missiles        Chrm/Air       ####..       1%          2    None
c - Blink                 Tloc           N/A          2%          2    None
d - Mephitic Cloud        Conj/Pois/Air  ####....     4%          3    None
e - Ozocubu's Armour      Chrm/Ice       ####....     2%          3    None
f - Swiftness             Chrm/Air       ####....     1%          2    None
g - Passwall              Tmut/Erth      ###.......   2%          2    None
h - Lee's Rapid Deconstr  Erth           ###.......   58%         5    #####..


Dungeon Overview and Level Annotations

Branches:
Dungeon (10/15)            Temple (1/1) D:4            Lair (4/6) D:9
 Shoals (0/4) Lair:3        Snake (0/4) Lair:2          Orc (0/2) D:10

Altars:
Ashenzari
Cheibriados
Dithmenos
Elyvilon
Fedhas
Gozag
Hepliaklqana
Kikubaaqudgha
Makhleb
Nemelex Xobeh
Okawaru
Pakellas
Qazlal
Ru
Sif Muna
Trog
Uskayaw
Vehumet
Xom
Yredelemnul
Zin
The Shining One
Lugonu

Annotations:
D:8 mistymad's ghost, novice TrEE
D:10 Gastronok
Lair:4 Kirke


Innate Abilities, Weirdness & Mutations

You are too large for most types of armour.
You have claws for hands.
Your metabolism is lightning-fast.
You like to eat raw meat.
You heal very quickly.
You are covered in fur. (AC +1)
You have very tough skin. (AC +2)
You have a pair of small antennae on your head.
You have sharp toenails.
You are agile. (Dex +2)
Your flesh is heat resistant. (rF+)
You are frail. (-10% HP)
You expend magic power (3 MP) to strengthen your wands.


Message History

You feel clever all of a sudden. The harpy claws you.
The harpy claws you but does no damage. The harpy completely misses you.
You block the harpy's attack. The hog bites you. Kirke hits you!
The manticore bites you but does no damage.
The manticore closely misses you. You block the manticore's attack.
The hog bites you. Kirke hits you!
You take 31 damage, and have 32/102 hp.
MASSIVE DAMAGE!!
It was a potion of invisibility.
You fade into invisibility!
The harpy barely misses you. The harpy misses you.
The harpy closely misses you. You block the harpy's attack.
The harpy claws you!
* * * LOW HITPOINT WARNING * * *
The harpy barely misses you.
The harpy claws you but does no damage. x2
The manticore bites you!
* * * LOW HITPOINT WARNING * * *
The manticore claws you but does no damage.
The manticore claws you!
You die...

#............#.#.##P##
##.....................
#......................
#P............÷........
#......................
#.....................
##.....................
#....Hh..........(.....
#....@@H...............
##....H................
#.....................
##..#P#.#.##..........
########## #.........
... ... .. ≈≈ ≈≈


You could see Kirke, a manticore, 2 harpies and a hog.

Vanquished Creatures
  Fannar (Lair:2)
  2 hydras (Lair:3)
  2 orc knights (Bailey)
  A black mamba (Lair:3)
  A torpor snail (Lair:1)
  3 spiny frogs
  A rime drake (Lair:3)
  5 komodo dragons
  2 trolls
  6 blink frogs
  29 yaks
  A wyvern (Lair:3)
  A hog (Lair:4)
  The ghost of Sar the Chopper, an amateur FoAK of Lugonu (D:3)
  Edmund (D:5)
  3 hippogriffs
  5 porcupines
  9 water moccasins
  5 orc warriors
  2 ice beasts
  A sky beast (D:6)
  8 wolves
  A centaur (D:7)
  5 necrophages
  4 crocodiles
  15 giant frogs
  2 elf zombies (D:9)
  A gnoll sergeant (D:7)
  3 scorpions
  4 wights (D:7)
  2 howler monkeys
  3 crimson imps
  A quasit (D:8)
  A giant frog zombie (D:9)
  3 hounds
  2 jellies
  7 orc priests
  A centaur skeleton (D:6)
  9 orc wizards
  3 human zombies (D:9)
  6 iguanas
  4 worker ants
  5 sheep (Lair:2)
  A hound skeleton (D:4)
  2 mummies (D:9)
  A worker ant zombie (D:7)
  Robin (D:3)
  9 gnolls
  12 adders
  19 river rats
  A shadow imp (D:9)
  2 adder skeletons (D:7)
  2 worms
  A dart slug (D:2)
  5 giant geckos
  27 orcs
  4 ball pythons
  5 bats
  5 giant cockroaches
  25 goblins
  10 hobgoblins
  17 jackals
  6 quokkas
  A ball python zombie (D:6)
  5 giant newts
  A jackal skeleton (D:7)
  22 kobolds
  An orc skeleton (D:9)
  An orc zombie (D:9)
  2 quokka skeletons
  7 rats
  A spectral orc (D:7)
368 creatures vanquished.

Vanquished Creatures (others)
  4 fungi
4 creatures vanquished.

Grand Total: 372 creatures vanquished

Notes
Turn   | Place    | Note
-------+----------+-------------------------------------------
     0 | D:1      | mistymad the Troll Wizard began the quest for the Orb.
     0 | D:1      | Reached XP level 1. HP: 16/16 MP: 2/2
    15 | D:1      | Reached skill level 1 in Unarmed Combat
    94 | D:1      | Reached XP level 2. HP: 24/24 MP: 4/4
   355 | D:1      | Reached skill level 2 in Unarmed Combat
   390 | D:1      | Learned a level 2 spell: Repel Missiles
   754 | D:2      | Reached skill level 1 in Fighting
   844 | D:2      | Reached XP level 3. HP: 28/33 MP: 5/5
  1530 | D:3      | Reached skill level 3 in Unarmed Combat
  1533 | D:3      | Reached XP level 4. HP: 41/41 MP: 6/6
  1615 | D:3      | Noticed Robin
  1641 | D:3      | Killed Robin
  1782 | D:3      | Noticed Sar's ghost (amateur FoAK)
  1814 | D:4      | Reached XP level 5. HP: 30/49 MP: 7/7
  2001 | D:4      | Got a sparkling granite ring
  2019 | D:4      | Identified the ring "Juorho" {rElec rN++ MR+ Int-4 Slay+1} (You found it on level 4 of the Dungeon)
  2022 | D:4      | Reached skill level 4 in Unarmed Combat
  2232 | D:4      | Found a staircase to the Ecumenical Temple.
  2379 | Temple   | Entered the Ecumenical Temple
  2429 | D:5      | Entered Level 5 of the Dungeon
  2440 | D:5      | Noticed an ice beast
  2452 | D:5      | Killed an ice beast
  2452 | D:5      | Reached skill level 5 in Unarmed Combat
  2452 | D:5      | Reached XP level 6. HP: 22/59 MP: 8/8
  2528 | D:5      | Found a burning altar of Makhleb.
  2640 | D:5      | Learned a level 2 spell: Blink
  2859 | D:5      | Noticed Edmund
  2954 | D:3      | Killed Sar's ghost
  2954 | D:3      | Reached XP level 7. HP: 43/67 MP: 9/9
  3299 | D:3      | Reached skill level 6 in Unarmed Combat
  4263 | D:6      | Reached skill level 7 in Unarmed Combat
  4263 | D:6      | Reached XP level 8. HP: 73/78 MP: 11/11
  4868 | D:5      | Found a deep blue altar of Sif Muna.
  5028 | D:5      | Found a burning altar of Makhleb.
  5054 | D:5      | Killed Edmund
  5110 | D:6      | Learned a level 3 spell: Conjure Flame
  5150 | D:7      | Found a glowing golden altar of the Shining One.
  5168 | D:7      | Found a shattered altar of Ashenzari.
  5176 | D:7      | murphy: i have a scroll of aquirement
  5216 | D:7      | Reached skill level 8 in Unarmed Combat
  5257 | D:7      | murphy: what should i ask for?
  5257 | D:7      | murphy: really hard choice this time
  5257 | D:7      | murphy: XD
  5257 | D:7      | mistymad: not jawelery =
  5257 | D:7      | murphy: why not?
  5257 | D:7      | mistymad: ??aqur
  5257 | D:7      | beem: I don't have a page labeled aqur in my learndb.
  5257 | D:7      | mistymad: ??jawelery
  5257 | D:7      | beem: jawelery ~ jewellery[1/1]: You'll want to check {rings} or {amulets}, depending on the type you want to know about
  5257 | D:7      | mistymad: ??aquirement
  5257 | D:7      | beem: aquirement ~ acquirement[1/3]: Will give you a (usable) random item moderately likely to be better than a random item off the ground! See also ?? acquirement, where is book, staff, weapon, jewellery, armour, misc, gold, food, wand, ammo, e.g. {weapon acquirement}.
  5257 | D:7      | mistymad: ??aquirement[2
  5257 | D:7      | beem: aquirement ~ acquirement[2/3]: Do not use over lava or deep water! What kind of item would you like to acquire? (\ to view known items) Something appears before you! You hear a sizzling splash.
  5257 | D:7      | mistymad: ??aquirement[3
  5257 | D:7      | beem: aquirement ~ acquirement[3/3]: You finish putting on the -9 naga barding of Ypurch {Dex-3 Int-2}.
  5361 | D:7      | Noticed a troll
  5423 | D:7      | Found a sacrificial altar of Ru.
  5837 | D:6      | Killed a troll
  5837 | D:6      | Reached skill level 5 in Fighting
  5837 | D:6      | Reached XP level 9. HP: 53/88 MP: 13/13
  5885 | D:7      | Learned a level 3 spell: Mephitic Cloud
  6026 | D:7      | Found a basalt altar of Yredelemnul.
  6094 | D:7      | Reached skill level 9 in Unarmed Combat
  6348 | D:8      | Noticed mistymad's ghost (novice TrEE)
  6551 | D:8      | Found a flagged portal.
  6615 | Bailey   | Entered a bailey
  6684 | Bailey   | Noticed an orc knight
  6697 | Bailey   | Killed an orc knight
  6786 | Bailey   | Noticed an orc knight
  6809 | Bailey   | Killed an orc knight
  6809 | Bailey   | Reached skill level 10 in Unarmed Combat
  6939 | Bailey   | Learned a level 3 spell: Ozocubu's Armour
  7340 | D:8      | Reached XP level 10. HP: 96/97 MP: 15/15
  7803 | D:9      | Found a staircase to the Lair.
  7965 | D:9      | Found a shimmering altar of Xom.
  7971 | D:9      | Found a blossoming altar of Fedhas.
  7972 | D:9      | Found an oddly glowing altar of Pakellas.
  7977 | D:9      | Found a radiant altar of Vehumet.
  7980 | D:9      | Found an iron altar of Okawaru.
  8052 | D:9      | Reached skill level 1 in Charms
  8084 | D:9      | Found an ancient bone altar of Kikubaaqudgha.
  8375 | D:9      | Found a glowing silver altar of Zin.
  8376 | D:9      | Found an opulent altar of Gozag.
  8551 | D:10     | Entered Level 10 of the Dungeon
  8551 | D:10     | Noticed Gastronok
  8674 | D:9      | Reached skill level 5 in Spellcasting
  8836 | D:10     | Found a staircase to the Orcish Mines.
  9022 | Lair:1   | Entered Level 1 of the Lair of Beasts
  9059 | D:9      | Reached skill level 11 in Unarmed Combat
  9186 | Lair:1   | Learned a level 2 spell: Swiftness
  9255 | Lair:1   | Noticed a spiny frog
  9264 | Lair:1   | Killed a spiny frog
  9264 | Lair:1   | Reached skill level 1 in Shields
  9644 | Lair:1   | Reached XP level 11. HP: 58/103 MP: 18/18
 10666 | Lair:2   | Found a staircase to the Snake Pit.
 10935 | Lair:2   | Reached skill level 12 in Unarmed Combat
 11003 | Lair:2   | Noticed Fannar
 11017 | Lair:2   | Killed Fannar
 11438 | Lair:3   | Noticed a five-headed hydra
 12019 | Lair:3   | Noticed a seven-headed hydra
 12040 | Lair:3   | Killed a seven-headed hydra
 12045 | Lair:3   | Killed a five-headed hydra
 12045 | Lair:3   | Reached skill level 5 in Shields
 12156 | Lair:3   | Reached XP level 12. HP: 109/112 MP: 18/21
 12233 | Lair:3   | Found a staircase to the Shoals.
 12682 | Lair:3   | HP: 2/114 [wolf (4)]
 12876 | Lair:4   | Reached skill level 13 in Unarmed Combat
 12909 | Lair:4   | Gained mutation: You are frail. (-10% HP) [potion of mutation]
 12909 | Lair:4   | Gained mutation: You are agile. (Dex +2) [potion of mutation]
 12909 | Lair:4   | Gained mutation: Your flesh is heat resistant. (rF+) [potion of mutation]
 13490 | Lair:4   | Learned a level 2 spell: Passwall
 13496 | Lair:4   | Learned a level 5 spell: Lee's Rapid Deconstruction
 13548 | Lair:4   | Gained mutation: You have a pair of small antennae on your head. [potion of mutation]
 13548 | Lair:4   | Gained mutation: You have sharp toenails. [potion of mutation]
 13548 | Lair:4   | Gained mutation: You expend magic power (3 MP) to strengthen your wands. [potion of mutation]
 13567 | Lair:4   | Noticed Kirke
 13588 | Lair:4   | Slain by a manticore

Vault maps used:
D:1:      shiori_shiawase
D:2:      first_bread, minmay_crystal_room, minmay_tripent
D:3:      uniq_robin
D:5:      lemuel_crystal_altar, old_standard_altar, makhleb_blood_cavern_becter,
          uniq_edmund
D:6:      minmay_misc_feat_columns, hangedman_abyss_or_decor_lesser_grid
D:7:      yredelemnul_forgotten_temple_becter,
          nicolae_ru_great_annihilating_truth, overflow_temple_1_default,
          lemuel_coloured_pillars_altar
D:8:      enter_bailey_2
D:9:      grunt_temple_overflow_gold_and_silver, minitemple,
          lemuel_mausoleum_altar_kikubaaqudgha, lair_0_dummy
D:10:     orc_0_dummy, grunt_livestock, fungi_pond_lemuel, minivault_5,
          grunt_pakellas_basics, uniq_gastronok, uniq_sonja
Temple:   corrupted_temple
Lair:1:   beast_lair_carwin_6
Lair:2:   minmay_snake_entry_six_corridors, uniq_fannar
Lair:3:   shoals_dummy_entry, lemuel_old_faithful, grunt_megastairs_3
Lair:4:   uniq_kirke, uniq_harold
Bailey:   bailey_axe_1, bailey

Skill      XL: |  1  2  3  4  5  6  7  8  9 10 11 12 |
---------------+-------------------------------------+-----
Unarmed Combat | 1 2 3 5 7 8 10 11 12 13 | 13.3
Fighting       | 1 2 3 5 6 |  6.1
Spellcasting   | 3 4 5 6 7 |  7.1
Charms         | 2 |  2.7
Shields        | 1 5 6 |  6.0
Dodging        | |  1.5
Stealth        | |  1.1
Conjurations   | |  0.6
Summonings     | |  0.6
Translocations | |  0.6

Action                   |  1- 3 |  4- 6 |  7- 9 | 10-12 || total
-------------------------+-------+-------+-------+-------++-------
Melee: Unarmed           |   129 |   150 |   392 |   733 ||  1404
       Punch             |       |     2 |    10 |    26 ||    38
       Kick              |       |       |       |     3 ||     3
Throw: Tomahawk          |       |       |    29 |       ||    29
 Cast: Repel Missiles    |     1 |     1 |       |     1 ||     3
       Ozocubu's Armour  |       |       |       |    50 ||    50
       Mephitic Cloud    |       |       |       |     7 ||     7
       Blink             |       |       |       |     1 ||     1
       Swiftness         |       |       |       |     2 ||     2
Evoke: Wand              |       |       |    16 |     1 ||    17
  Use: Scroll            |       |       |    13 |    10 ||    23
       Potion            |       |       |       |    10 ||    10
 Stab: Sleeping          |       |       |     3 |       ||     3
       Paralysed         |       |       |     1 |       ||     1
       Confused          |       |       |       |     2 ||     2
  Eat: Chunk             |    20 |    12 |    41 |    60 ||   133
Armor: Robe              |    57 |    40 |   115 |   258 ||   470
       Skin              |       |       |       |    52 ||    52
Dodge: Dodged            |    47 |    62 |   221 |   301 ||   631
       Deflected         |     1 |       |     2 |       ||     3
Block: Shield            |       |       |       |    40 ||    40
